Map: Blackpink LE

Players

axu - Winner!

  • Race: Protoss Protoss
  • League: Platinum
  • Spawn Location: 7:00

VOD

Have the link to the VOD?

Description

Time

  • Played on: May 10, 2018, 1:50 p.m.
  • Length: 29:20
Show
View Real Time Build Order
Export as new Build Order

axu Protoss - Winner!

Build Orders:  

Get SALT Encoding   

  12  0:03  Probe (Chrono Boost)  
  14  0:20  Probe (Chrono Boost)  
  14  0:28  Pylon  
  14  0:37  Probe (Chrono Boost)  
  15  0:56  Probe (Chrono Boost)  
  15  0:57  Gateway  
  16  1:13  Probe (Chrono Boost)  
  16  1:18  Assimilator  
  17  1:33  Probe (Chrono Boost)  
  18  1:44  Probe (Chrono Boost)  
  19  1:57  Probe (Chrono Boost)  
  20  2:12  Nexus  
  20  2:28  Cybernetics Core  
  20  2:37  Assimilator  
  21  2:40  Probe (Chrono Boost)  
  21  2:57  Probe (Chrono Boost)  
  22  3:14  Probe (Chrono Boost)  
  23  3:31  Probe (Chrono Boost)  
  23  3:33  Pylon  
  23  3:52  Sentry  
  23  3:54  Pylon  
  23  3:55  Probe (Chrono Boost)  
  23  3:59  Probe (Chrono Boost)  
  27  4:08  Twilight Council  
  28  4:12  Probe (Chrono Boost)  
  28  4:16  Probe (Chrono Boost)  
  29  4:25  Gateway  
  29  4:28  Gateway  
  29  4:29  Probe (Chrono Boost)  
  30  4:33  Probe (Chrono Boost)  
  33  4:45  Probe (Chrono Boost)  
  35  4:50  Probe (Chrono Boost)  
  35  5:02  Probe (Chrono Boost)  
  35  5:07  Probe (Chrono Boost)  
  37  5:16  Unknown  
  39  5:25  Gateway  
  39  5:28  Pylon  
  39  5:32  Warp Gate  
  39  5:39  Probe x2 (Chrono Boost)  
  41  5:43  Assimilator  
  41  5:45  Assimilator  
  41  5:54  Unknown  
  41  5:55  Pylon  
  41  5:56  Probe x2 (Chrono Boost)  
  41  5:57  Pylon  
  45  6:08  Probe (Chrono Boost)  
  45  6:09  Probe (Chrono Boost)  
  51  6:28  Robotics Facility  
  51  6:32  Unknown  
  51  6:39  Unknown  
  51  6:44  Unknown  
  51  6:45  Probe (Chrono Boost)  
  51  6:46  Probe (Chrono Boost)  
  53  7:02  Adept x3, Probe (Chrono Boost)  
  53  7:03  Adept, Probe (Chrono Boost)  
  63  7:14  Unknown x10  
  63  7:27  Probe (Chrono Boost)  
  63  7:28  Probe (Chrono Boost)  
  65  7:34  Adept x3  
  65  7:36  Immortal  
  65  7:37  Adept  
  73  7:42  Unknown x12  
  73  7:45  Nexus  
  73  7:56  Probe (Chrono Boost)  
  78  8:13  Unknown x9  
  78  8:16  Probe (Chrono Boost)  
  75  8:26  Unknown x4  
  71  8:59  Unknown x7  
  67  9:00  Stalker  
  67  9:01  Stalker x3  
  67  9:07  Immortal  
  77  9:14  Templar Archives  
  77  9:16  Probe (Chrono Boost)  
  78  9:28  Probe (Chrono Boost)  
  58  9:30  Probe (Chrono Boost)  
  80  9:33  Probe (Chrono Boost)  
  80  9:38  Stalker  
  80  9:39  Stalker x3  
  89  9:45  Probe (Chrono Boost)  
  89  9:46  Probe (Chrono Boost)  
  91  9:57  Pylon  
  93  10:01  Probe (Chrono Boost)  
  93  10:02  Probe (Chrono Boost), Pylon  
  93  10:04  Assimilator  
  93  10:09  Assimilator  
  93  10:22  Immortal  
  93  10:25  Probe x3 (Chrono Boost)  
  100  10:30  Gateway  
  100  10:31  Gateway  
  100  10:34  Gateway  
  100  10:37  Gateway  
  103  10:42  Probe x3 (Chrono Boost)  
  103  10:49  Pylon  
  103  10:52  Pylon  
  106  11:00  Probe x3 (Chrono Boost)  
  106  11:04  Zealot  
  106  11:08  Charge  
  108  11:16  Pylon  
  108  11:17  Immortal, Probe (Chrono Boost)  
  108  11:18  Pylon  
  108  11:19  Pylon  
  113  11:25  Zealot x2  
  113  11:26  Zealot  
  119  11:49  High Templar x3  
  125  11:50  High Templar  
  125  11:53  High Templar x2  
  125  11:54  High Templar x2  
  135  12:12  Forge  
  135  12:14  Forge  
  135  12:36  Protoss Ground Weapons Level 1  
  135  12:37  Protoss Ground Armor Level 1  
  135  12:39  Archon  
  135  12:40  Archon, Nexus  
  135  12:44  Pylon, Zealot x4  
  135  12:45  Zealot x2  
  135  12:46  Zealot  
  135  12:49  Pylon  
  149  13:00  Pylon  
  149  13:04  Pylon  
  149  13:07  Pylon  
  149  13:10  Pylon  
  125  13:50  High Templar  
  125  13:51  High Templar x4  
  125  13:52  High Templar x3  
  125  13:56  Archon x2  
  125  13:57  Archon  
  125  13:58  Archon  
  141  14:01  Warp Prism  
  143  14:43  Assimilator  
  143  14:45  Assimilator  
  143  14:46  Zealot x3  
  143  14:47  Zealot x2  
  143  14:48  Zealot x3  
  159  14:50  Photon Cannon  
  159  14:51  Observer  
  159  14:54  Photon Cannon  
  159  14:56  Shield Battery  
  159  14:57  Shield Battery  
  160  15:04  Psionic Storm  
  160  15:09  Gateway  
  160  15:10  Gateway  
  160  15:13  Gateway  
  160  15:16  Gateway  
  160  15:21  Observer, Stargate  
  160  15:24  Stargate  
  160  15:29  Archon  
  159  15:34  High Templar  
  159  15:39  High Templar  
  163  15:40  High Templar x4  
  163  15:41  High Templar  
  163  15:45  Archon x2  
  163  15:46  Archon  
  173  15:50  Protoss Ground Weapons Level 2  
  173  15:53  Protoss Ground Armor Level 2  
  173  16:16  Archon  
  173  16:22  Fleet Beacon  
  177  16:40  Probe x3 (Chrono Boost)  
  177  16:41  Probe (Chrono Boost)  
  177  16:57  Probe x3 (Chrono Boost)  
  180  17:24  Carrier x2  
  182  18:55  Nexus  
  182  19:00  Pylon  
  182  19:01  High Templar x4  
  182  19:02  Pylon, High Templar x3  
  182  19:03  High Templar x2  
  182  19:05  Pylon  
  182  19:09  Archon x2  
  200  19:10  Archon x2  
Tags
 
Add a new tag
Caveats
  • Supply blocks, unpowered buildings, or Contaminate may cause inaccurate times.
  • Supply counts are checked every 10 seconds.